[Event "Titled Tuesday Blitz April 4 Early 2023"]
[White "Makhmudov, Shukhrat"]
[Black "Klepikov, Nikita"]
[WhiteFideId "14200775"]
[BlackFideId "24145220"]
[WhiteElo "2135"]
[BlackElo "2025"]
[Result "1-0"]
[Round "10"]
[TimeControl "180+2"]
[Date "2023.04.04"]
[WhiteClock "0:00:46"]
[BlackClock "0:00:01"]

1. e4 c5 2. Nf3 Nc6 3. d4 cxd4 4. Nxd4 g6 5. Nxc6 bxc6 6. Qd4 Nf6 7. e5 Qa5+ 8. Bd2 Qd5 9. Qxd5 Nxd5 10. c4 Nc7 11. Bc3 Bg7 12. Nd2 O-O 13. O-O-O a5 14. Ne4 Ne6 15. g3 a4 16. f4 Ba6 17. Rxd7 Rfd8 18. Rd3 c5 19. Rd5 Bb7 20. Bg2 Bxd5 21. cxd5 Rxd5 22. Nf6+ exf6 23. Bxd5 Rd8 24. Bxe6 fxe6 25. exf6 Bf8 26. Rd1 Rxd1+ 27. Kxd1 c4 28. a3 Bc5 29. Ke2 Kf7 30. Kf3 Bg1 31. Be5 Bxh2 32. Kg2 Bxg3 33. Kxg3 h6 34. Kg4 Kg8 35. Kf3 Kf7 36. Ke4 Kg8 37. Kd4 h5 38. Ke4 Kf7 39. Kf3 Kg8 40. Kg3 1-0


[Site "https://www.chess.com"]

[Event "Titled Tuesday Blitz April 4 Early 2023"]
[White "babbilator"]
[Black "Skaric, Djuro"]
[BlackFideId "934569"]
[WhiteElo "2261"]
[BlackElo "2282"]
[Result "1/2-1/2"]
[Round "10"]
[TimeControl "180+2"]
[Date "2023.04.04"]
[WhiteClock "0:00:16"]
[BlackClock "0:00:19"]

1. e4 d6 2. Nc3 g6 3. f4 Bg7 4. Nf3 Nf6 5. Bc4 Nc6 6. d3 a6 7. a4 Bg4 8. h3 Bxf3 9. Qxf3 Nd4 10. Qf2 c5 11. O-O e6 12. Be3 Nc6 13. e5 Nd5 14. Nxd5 exd5 15. Bxd5 O-O 16. Bxc6 bxc6 17. d4 cxd4 18. Bxd4 d5 19. b4 Qd7 20. c3 f6 21. Qe3 fxe5 22. fxe5 Rxf1+ 23. Rxf1 Re8 24. Qf4 Qe6 25. Re1 h6 26. Qg3 Rf8 27. a5 Rf5 28. Qe3 h5 29. Qg3 Kh7 30. Qe3 Bh6 31. Qg3 Bf4 32. Qh4 Bxe5 33. Bxe5 Rxe5 34. Rxe5 Qxe5 35. Qd4 Qxd4+ 36. cxd4 g5 37. Kf2 Kg6 38. g4 hxg4 39. hxg4 Kf6 40. Ke3 Ke6 41. Kd3 Kf6 42. Kc3 Ke6 43. Kb3 Kd6 44. Ka3 Kc7 45. Kb3 Kb7 46. Kc3 Kc7 47. Kd3 Kd6 48. Kc3 Ke6 49. Kd3 Kd6 50. Kc3 Ke6 1/2-1/2


[Site "https://www.chess.com"]

[Event "Titled Tuesday Blitz April 4 Early 2023"]
[White "Blokhin, Sofia"]
[Black "Ai, Evan"]
[WhiteFideId "4508190"]
[BlackFideId "2094770"]
[WhiteElo "1994"]
[BlackElo "1963"]
[Result "1-0"]
[Round "10"]
[TimeControl "180+2"]
[Date "2023.04.04"]
[WhiteClock "0:00:15"]
[BlackClock "0:00:12"]

1. d4 Nf6 2. c4 e6 3. Nc3 Bb4 4. f3 d5 5. a3 Bxc3+ 6. bxc3 O-O 7. e3 c5 8. cxd5 Nxd5 9. Bd2 Nc6 10. Bd3 Qe7 11. Ne2 a6 12. O-O Rd8 13. e4 Nc7 14. e5 Nxe5 15. Bxh7+ Kxh7 16. dxe5 Nd5 17. Qc2+ g6 18. c4 Nc7 19. Ng3 b5 20. Ne4 Bb7 21. Nf6+ Kg7 22. Bg5 Qf8 23. Qc1 Qh8 24. Ne4 Qh5 25. Bf6+ Kf8 26. Ng3 Qh7 27. Bxd8 Rxd8 28. Qg5 Rd4 29. Rad1 bxc4 30. Rxd4 cxd4 31. Rb1 Bc6 32. Qd8+ Ne8 33. Qxd4 g5 34. Qc5+ Kg7 35. Rc1 Bb5 36. a4 Bxa4 37. Qxc4 Bb5 38. Qc2 Qxc2 39. Rxc2 Kg6 40. Kf2 Ng7 41. Ke3 a5 42. Rc5 Ba4 43. Rxa5 Bc2 44. Ra8 Bf5 45. Nxf5 Nxf5+ 46. Ke4 Nh4 47. g3 Nf5 48. Rg8+ Ng7 49. h4 Kh7 50. Rxg7+ Kxg7 51. hxg5 Kg6 52. f4 Kh5 53. Kd4 Kg4 54. Ke4 Kxg3 55. f5 1-0


[Site "https://www.chess.com"]

[Event "Titled Tuesday Blitz April 4 Early 2023"]
[White "I_KID_you_not"]
[Black "Tsotsonava, Elene"]
[BlackFideId "13615939"]
[WhiteElo "2336"]
[BlackElo "1829"]
[Result "1/2-1/2"]
[Round "10"]
[TimeControl "180+2"]
[Date "2023.04.04"]
[WhiteClock "0:00:05"]
[BlackClock "0:00:06"]

1. e4 c5 2. Nc3 e6 3. Nge2 Nc6 4. g3 a6 5. Bg2 d6 6. O-O Bd7 7. h3 Qc7 8. f4 b5 9. d3 Nd4 10. Be3 b4 11. Nb1 Nxe2+ 12. Qxe2 g6 13. Nd2 Bg7 14. Rab1 Ne7 15. g4 Rb8 16. f5 gxf5 17. exf5 exf5 18. Bg5 Bd4+ 19. Kh1 f6 20. Bh4 h5 21. g5 Kf8 22. gxf6 Ng6 23. Bg5 Re8 24. Qf3 Ne5 25. Qg3 Bc6 26. Nf3 Nxf3 27. Bxf3 Rg8 28. Bh6+ Kf7 29. Qh4 Qb7 30. Qxh5+ Rg6 31. Bg7 Bxf6 32. Bxf6 Kxf6 33. Qh4+ Kg7 34. Qf4 Rh8 35. Kh2 Bxf3 36. Rxf3 Qd5 37. Qxf5 Qxf5 38. Rxf5 Rf8 39. Rbf1 Rxf5 40. Rxf5 a5 41. h4 a4 42. h5 Rh6 43. Kg3 Re6 44. Kf2 Kh6 45. Rd5 Rf6+ 46. Ke2 Re6+ 47. Kd2 Rf6 48. Ke2 Re6+ 49. Kd2 Rf6 50. a3 Rf2+ 51. Kc1 Rf1+ 52. Kd2 Rf2+ 53. Kd1 Rf1+ 54. Kd2 Rf2+ 1/2-1/2


[Site "https://www.chess.com"]

[Event "Titled Tuesday Blitz April 4 Early 2023"]
[White "Kujawski, Adam"]
[Black "Acikel, Mert"]
[WhiteFideId "1100920"]
[BlackFideId "12956465"]
[WhiteElo "2054"]
[BlackElo "2097"]
[Result "1-0"]
[Round "10"]
[TimeControl "180+2"]
[Date "2023.04.04"]
[WhiteClock "0:00:08"]
[BlackClock "0:00:40"]

1. e4 e5 2. Nf3 Nc6 3. Bb5 a6 4. Ba4 Nf6 5. O-O Be7 6. d3 d6 7. c3 O-O 8. Nbd2 b5 9. Bc2 Nb8 10. d4 Nbd7 11. a4 Bb7 12. Re1 Re8 13. b4 Bf8 14. Bb2 Nb6 15. a5 Nbd7 16. d5 c6 17. dxc6 Bxc6 18. Bb3 h6 19. Qc2 Rc8 20. Nf1 d5 21. exd5 Bxd5 22. Bxd5 Nxd5 23. Qb3 Nf4 24. Rad1 Qe7 25. Ng3 g6 26. Bc1 Rc4 27. Bxf4 Rxf4 28. Qd5 Nf6 29. Qxe5 Qxe5 30. Rxe5 Rc8 31. Rd3 Rfc4 32. Ne2 Ng4 33. Red5 Re8 34. Kf1 Bg7 35. Rd8 Rxd8 36. Rxd8+ Kh7 37. Rd7 Kg8 38. h3 Nf6 39. Rd6 Ne4 40. Rxa6 Nxc3 41. Nxc3 Rxc3 42. Rb6 1-0


[Site "https://www.chess.com"]

[Event "Titled Tuesday Blitz April 4 Early 2023"]
[White "Ovezdurdyyeva, Jemal"]
[Black "Grabinsky, Vladimir"]
[WhiteFideId "14001888"]
[BlackFideId "14107074"]
[WhiteElo "2043"]
[BlackElo "2027"]
[Result "0-1"]
[Round "10"]
[TimeControl "180+2"]
[Date "2023.04.04"]
[WhiteClock "0:00:14"]
[BlackClock "0:00:18"]

1. e4 c5 2. Nf3 Nc6 3. c3 Nf6 4. Bd3 d6 5. O-O Bg4 6. h3 Bh5 7. Bc2 e6 8. d4 cxd4 9. cxd4 Bxf3 10. gxf3 Be7 11. Nc3 O-O 12. a3 e5 13. Ne2 Nh5 14. d5 Nd4 15. Nxd4 exd4 16. f4 g6 17. Qxd4 Rc8 18. Bd1 Bf6 19. Qxa7 Rxc1 20. Rxc1 Nxf4 21. Qe3 Be5 22. Kh1 Qh4 23. Qg3 Qh6 24. Qe3 Bd4 25. Qg3 Nxh3 26. Bf3 Be5 27. Qg2 Nxf2+ 28. Kg1 Nd3 29. Rc2 Bd4+ 30. Rff2 Nxf2 31. Rxf2 Rc8 0-1


[Site "https://www.chess.com"]

[Event "Titled Tuesday Blitz April 4 Early 2023"]
[White "Vargas Rodriguez, Wilver"]
[Black "Kohler, Aran"]
[WhiteFideId "3509672"]
[BlackFideId "1002856"]
[WhiteElo "2224"]
[BlackElo "2299"]
[Result "0-1"]
[Round "10"]
[TimeControl "180+2"]
[Date "2023.04.04"]
[WhiteClock "0:00:01"]
[BlackClock "0:00:55"]

1. e4 c6 2. Nc3 d5 3. d3 e5 4. g3 d4 5. Nce2 Nf6 6. Bg2 Bb4+ 7. c3 dxc3 8. bxc3 Be7 9. Nf3 Nbd7 10. O-O O-O 11. h3 Qc7 12. Kh2 Re8 13. Nfg1 b6 14. f4 Ba6 15. Nf3 Rad8 16. Qc2 Bd6 17. f5 Nc5 18. c4 h6 19. a4 Bc8 20. g4 Nh7 21. Ng3 Be7 22. h4 a5 23. Ra2 f6 24. Nh5 Nxd3 25. Be3 Nb4 26. Qb3 Nxa2 27. Qxa2 Bb4 28. c5+ Kh8 29. cxb6 Qd7 30. g5 hxg5 31. hxg5 fxg5 32. Kg3 Qd3 33. Bc1 Qxe4 34. Rh1 Qd5 35. Qa1 Bxf5 36. Nxg5 Qd3+ 37. Bf3 Bc3 0-1


[Site "https://www.chess.com"]

[Event "Titled Tuesday Blitz April 4 Early 2023"]
[White "Carrasco Miranda, Andres"]
[Black "Necula, Iulian"]
[WhiteFideId "3405990"]
[BlackFideId "1232380"]
[WhiteElo "2183"]
[BlackElo "1790"]
[Result "1-0"]
[Round "10"]
[TimeControl "180+2"]
[Date "2023.04.04"]
[WhiteClock "0:00:12"]
[BlackClock "0:00:02"]

1. d4 d6 2. c4 f5 3. Nf3 Nf6 4. g3 g6 5. Bg2 Bg7 6. O-O O-O 7. Nc3 Qe8 8. Qb3 Na6 9. Ng5 h6 10. c5+ Kh8 11. Ne6 Bxe6 12. Qxe6 Rb8 13. cxd6 exd6 14. Qxe8 Rfxe8 15. e3 c6 16. a3 d5 17. b4 Nc7 18. Bb2 a6 19. Na4 Nb5 20. Rfc1 Rbd8 21. Nc5 Re7 22. a4 Nd6 23. Bf1 Nfe4 24. b5 axb5 25. axb5 Nxc5 26. Rxc5 Ne4 27. Rc2 Re6 28. Ra7 Rb8 29. Ba3 Bf6 30. Rb2 Bd8 31. bxc6 Rxc6 32. Rbxb7 Rxb7 33. Rxb7 Ba5 34. Bf8 h5 35. Bg7+ Kg8 36. Be5 Rc2 37. Bb5 Nxf2 38. Bd7 Nh3+ 39. Kh1 Nf2+ 40. Kg2 Ng4+ 41. Kg1 Nxh2 42. Be6+ Kf8 43. Bd6+ Ke8 44. Rb8+ Bd8 45. Bxd5 Kd7 46. Bf4 Ng4 47. Rb7+ Kc8 48. Rg7 Rc1+ 49. Kg2 Rc2+ 50. Kf1 Rc1+ 51. Ke2 Rc2+ 52. Kd3 Rc1 53. Rxg6 Nf2+ 54. Kd2 Rg1 55. Be6+ Kb7 56. Bxf5 Ng4 57. Bxg4 hxg4 58. Rxg4 Ba5+ 59. Kd3 Rg2 60. Ke4 Re2 61. Rg7+ Kc6 62. Rg6+ Kd7 63. g4 Ke8 64. g5 Kf7 65. Rf6+ Kg7 66. Ra6 Bc3 67. Kf5 Rg2 68. Ra7+ Kg8 69. g6 1-0


[Site "https://www.chess.com"]

[Event "Titled Tuesday Blitz April 4 Early 2023"]
[White "Mikhaylova, Irina"]
[Black "Zampronha, Wladimir Camilo"]
[WhiteFideId "4109040"]
[BlackFideId "2103087"]
[WhiteElo "1975"]
[BlackElo "2176"]
[Result "1-0"]
[Round "10"]
[TimeControl "180+2"]
[Date "2023.04.04"]
[WhiteClock "0:00:17"]
[BlackClock "0:00:44"]

1. Nf3 Nf6 2. c4 e6 3. Nc3 d5 4. d4 Be7 5. Bg5 O-O 6. e3 b6 7. Qc2 Bb7 8. Rd1 Nbd7 9. a3 Rc8 10. Be2 c5 11. cxd5 exd5 12. O-O c4 13. a4 a6 14. b3 cxb3 15. Qxb3 Rxc3 16. Qxc3 Ne4 17. Qc2 Nxg5 18. Nxg5 Bxg5 19. Rc1 Bf6 20. Qc7 Ba8 21. Bxa6 Nb8 22. Qxd8 Rxd8 23. Bb5 Kf8 24. Rc7 Be7 25. Rfc1 Bd6 26. Ra7 Ba3 27. Rc3 Bb4 28. Rc2 Nd7 29. Rxd7 Rxd7 30. Bxd7 Bd6 31. Bc6 1-0


[Site "https://www.chess.com"]

[Event "Titled Tuesday Blitz April 4 Early 2023"]
[White "Kiseleva, Arina"]
[Black "Kalajzic, Ivan"]
[WhiteFideId "4164989"]
[BlackFideId "14506378"]
[WhiteElo "1708"]
[BlackElo "2203"]
[Result "1-0"]
[Round "10"]
[TimeControl "180+2"]
[Date "2023.04.04"]
[WhiteClock "0:00:05"]
[BlackClock "0:00:08"]

1. d4 Nf6 2. Nf3 c5 3. e3 e6 4. Bd3 b6 5. O-O Bb7 6. Nbd2 d5 7. b3 Nc6 8. Bb2 Qc7 9. Ne5 Nd7 10. f4 cxd4 11. exd4 g6 12. Ndf3 Bg7 13. Nxd7 Qxd7 14. Ne5 Nxe5 15. fxe5 O-O 16. Ba3 Rfe8 17. Rf4 Bc6 18. Qf3 Bf8 19. Bxf8 Rxf8 20. a4 Rac8 21. h4 h5 22. Rf6 Kg7 23. Rf1 Qe7 24. g4 hxg4 25. Qxg4 Rh8 26. Rxg6+ Kf8 27. Rg7 Be8 28. h5 Qb4 29. h6 Ke7 30. Qg5+ Kd7 31. Rgxf7+ Bxf7 32. Rxf7+ Kc6 33. Bb5+ Qxb5 34. axb5+ Kxb5 35. Rg7 Rxc2 36. Qg6 Rhc8 37. Qxe6 Ra2 38. Qxd5+ Kb4 39. Rg2 Rc1+ 40. Kh2 Raa1 41. Qd6+ Kb5 42. Qd7+ Kb4 43. h7 Rh1+ 44. Kg3 Raf1 45. Qe7+ Kb5 46. Rh2 Rhg1+ 47. Kh3 Rf3+ 48. Kh4 Rf4+ 49. Kh5 Rf5+ 50. Kh6 Rfg5 51. Qxg5 1-0


[Site "https://www.chess.com"]

[Event "Titled Tuesday Blitz April 4 Early 2023"]
[White "Burdalev, Kirill"]
[Black "Kornyukov, Alexey"]
[WhiteFideId "14121913"]
[BlackFideId "4150457"]
[WhiteElo "2236"]
[BlackElo "2352"]
[Result "1-0"]
[Round "10"]
[TimeControl "180+2"]
[Date "2023.04.04"]
[WhiteClock "0:00:11"]
[BlackClock "0:00:26"]

1. d4 d5 2. c4 e6 3. g3 Nf6 4. Nf3 Be7 5. Bg2 O-O 6. O-O c5 7. dxc5 Bxc5 8. cxd5 exd5 9. a3 Nc6 10. b4 Bb6 11. Nc3 d4 12. Na4 Bf5 13. Bb2 Re8 14. Nxb6 Qxb6 15. Nxd4 Rad8 16. e3 Be4 17. f3 Bg6 18. Re1 Nd5 19. Qb3 Nxe3 20. Rxe3 Nxd4 21. Bxd4 Qxd4 22. Re1 Rxe3 23. Qxe3 Qxe3+ 24. Rxe3 f6 25. f4 Rd1+ 26. Kf2 Rd2+ 27. Re2 Rd3 28. Bxb7 Rxa3 29. Re7 Ra2+ 30. Ke3 Ra3+ 31. Kd4 Rd3+ 32. Kc5 Rc3+ 33. Kd6 Bf7 34. Rc7 Rd3+ 35. Kc5 h5 36. Bc6 Rc3+ 37. Kd6 Rc4 38. b5 Rd4+ 39. Kc5 Rd2 40. Rxa7 Rxh2 41. Ra8+ Kh7 42. b6 Rc2+ 43. Kd6 Bg6 44. b7 Rd2+ 45. Kc7 Be4 46. Bxe4+ f5 47. b8=Q fxe4 48. Qh8+ Kg6 49. Ra6+ Kf7 50. Qxh5+ Ke7 51. Qe5+ Kf8 52. Qe6 Rc2+ 53. Rc6 Rxc6+ 54. Kxc6 e3 55. Qxe3 Kf7 56. g4 Kf6 57. Qe5+ Kf7 58. g5 Kg6 59. f5+ Kf7 60. f6 Kg6 61. fxg7 Kh7 62. g8=Q+ Kxg8 63. Qc7 Kh8 64. Kd6 Kg8 65. Ke6 Kf8 66. Kf6 Ke8 67. Qe7# 1-0


[Site "https://www.chess.com"]

[Event "Titled Tuesday Blitz April 4 Early 2023"]
[White "Clawitter, Craig"]
[Black "Nugumanov, Bakhtiyar"]
[WhiteFideId "2023105"]
[BlackFideId "13701797"]
[WhiteElo "2234"]
[BlackElo "2209"]
[Result "1/2-1/2"]
[Round "10"]
[TimeControl "180+2"]
[Date "2023.04.04"]
[WhiteClock "0:00:03"]
[BlackClock "0:00:45"]

1. e4 d6 2. d4 Nf6 3. Nc3 e5 4. Nf3 exd4 5. Nxd4 Be7 6. Be3 O-O 7. f3 d5 8. e5 Ne8 9. Nb3 Be6 10. Bd3 a5 11. a4 Nc6 12. f4 d4 13. Nxd4 Nxd4 14. Bxd4 Bh4+ 15. g3 g6 16. Be4 Be7 17. O-O c6 18. f5 Bc4 19. Rf2 Nc7 20. Be3 Qxd1+ 21. Rxd1 Rfd8 22. Rfd2 gxf5 23. Rxd8+ Rxd8 24. Rxd8+ Bxd8 25. Bxf5 b5 26. axb5 cxb5 27. Bb6 b4 28. Ne4 Be6 29. Bxe6 Nxe6 30. Bxd8 Nxd8 31. Kf2 Nc6 32. Ke3 Nxe5 33. Kd4 Nf3+ 34. Kc5 Ne1 35. c4 bxc3 36. bxc3 f5 37. Nd6 f4 38. gxf4 Nd3+ 39. Kb5 Nxf4 40. Kxa5 Kg7 41. c4 Kf6 42. c5 Ke6 43. Kb6 h5 44. Ne4 Nd5+ 45. Kc6 Ne7+ 46. Kb7 Kd5 47. Nf6+ Kxc5 48. Nxh5 Kd5 49. Kc7 Ke5 50. Kd7 Nf5 51. Ng3 Nxg3 52. hxg3 Kf5 53. Kd6 Kg4 54. Ke5 Kf3 55. Kf5 Kxg3 1/2-1/2


[Site "https://www.chess.com"]

[Event "Titled Tuesday Blitz April 4 Early 2023"]
[White "Matute Escobar, Roxanny"]
[Black "Torres Hernandez, Leslie Carolin"]
[WhiteFideId "3926028"]
[BlackFideId "8400504"]
[WhiteElo "1844"]
[BlackElo "1920"]
[Result "1-0"]
[Round "10"]
[TimeControl "180+2"]
[Date "2023.04.04"]
[WhiteClock "0:00:07"]
[BlackClock "0:00:04"]

1. e4 e6 2. d4 d5 3. e5 c5 4. c3 Nc6 5. Nf3 Qb6 6. a3 Nge7 7. Bd3 cxd4 8. cxd4 Nf5 9. Bxf5 exf5 10. Nc3 Be6 11. O-O Be7 12. b4 O-O 13. Na4 Qc7 14. Bf4 h6 15. Rc1 Qd8 16. Nc5 Rb8 17. Qa4 g5 18. b5 Na5 19. Bd2 Nc4 20. Bb4 g4 21. Nd2 Nxd2 22. Bxd2 Bg5 23. Bxg5 hxg5 24. Qxa7 Re8 25. Qa4 Kg7 26. Qb4 Qe7 27. a4 f4 28. a5 Rh8 29. Nxe6+ Qxe6 30. Rc7 Rxh2 31. g3 Qh6 32. Rxf7+ Kxf7 33. e6+ Kxe6 34. Re1+ Kf6 35. Qe7+ Kg6 36. Re6+ Kf5 37. Rxh6 Rxh6 38. Qe5+ Kg6 39. Qxb8 fxg3 40. fxg3 1-0


[Site "https://www.chess.com"]

[Event "Titled Tuesday Blitz April 4 Early 2023"]
[White "Thiel, Thomas"]
[Black "Sakun, Volodymyr"]
[WhiteFideId "4615964"]
[BlackFideId "14114062"]
[WhiteElo "2210"]
[BlackElo "2318"]
[Result "0-1"]
[Round "10"]
[TimeControl "180+2"]
[Date "2023.04.04"]
[WhiteClock "0:00:12"]
[BlackClock "0:00:54"]

1. e4 c5 2. Nc3 g6 3. d4 cxd4 4. Qxd4 Nf6 5. Be3 Nc6 6. Qd2 Bg7 7. f3 O-O 8. Nge2 d5 9. exd5 Nb4 10. Nf4 Qa5 11. Bc4 Bf5 12. Bb3 Rac8 13. O-O Rfd8 14. Rad1 g5 15. Nd3 Nxd3 16. cxd3 h6 17. Qf2 b6 18. d4 b5 19. g4 Bg6 20. a3 Qb6 21. h3 a5 22. f4 gxf4 23. Qxf4 b4 24. axb4 Qxb4 25. Ba4 Qxb2 26. Nb5 Nxd5 27. Qf2 Qb4 28. Ra1 Nxe3 29. Qxe3 Rxd4 0-1


[Site "https://www.chess.com"]

[Event "Titled Tuesday Blitz April 4 Early 2023"]
[White "KorolDimitriy75"]
[Black "De Souza, Cristiano Gomes"]
[BlackFideId "2151758"]
[WhiteElo "2413"]
[BlackElo "2068"]
[Result "1/2-1/2"]
[Round "10"]
[TimeControl "180+2"]
[Date "2023.04.04"]
[WhiteClock "0:00:14"]
[BlackClock "0:00:48"]

1. d4 Nf6 2. c4 g6 3. Nc3 Bg7 4. e4 d6 5. Nf3 O-O 6. Be2 e5 7. dxe5 dxe5 8. Qxd8 Rxd8 9. Bg5 Re8 10. O-O-O Na6 11. Ne1 Be6 12. f3 Nd7 13. Nc2 c6 14. Rd2 f6 15. Be3 Nb6 16. b3 Bf8 17. Rhd1 Kf7 18. Kb2 Be7 19. a3 Red8 20. Rxd8 Rxd8 21. Rxd8 Bxd8 22. c5 Nd7 23. Bxa6 bxa6 24. Nb4 Nb8 25. Na4 Ke7 26. Kc3 Kd7 27. Nb2 Kc7 28. Nc4 Bxc4 29. Kxc4 a5 30. Nd3 a6 31. g4 Kd7 32. g5 Ke6 33. gxf6 Bxf6 34. Bd2 Bd8 35. Bc3 Nd7 36. a4 g5 37. h3 h5 38. Bd2 g4 39. hxg4 hxg4 40. fxg4 Nf6 41. Nf2 Nh7 42. Nh3 Nf6 43. Nf2 Nh7 44. Nh3 Nf6 45. Nf2 1/2-1/2


[Site "https://www.chess.com"]

[Event "Titled Tuesday Blitz April 4 Early 2023"]
[White "Ciuffoletti, Paolo"]
[Black "Levitan, Caleb Levi"]
[WhiteFideId "807630"]
[BlackFideId "14332620"]
[WhiteElo "2143"]
[BlackElo "1963"]
[Result "0-1"]
[Round "10"]
[TimeControl "180+2"]
[Date "2023.04.04"]
[WhiteClock "0:00:01"]
[BlackClock "0:00:02"]

1. e4 e5 2. Nf3 Nc6 3. Bc4 Bc5 4. b4 Bxb4 5. c3 Be7 6. d4 Na5 7. Nxe5 Nxc4 8. Nxc4 d5 9. exd5 Nf6 10. d6 cxd6 11. O-O d5 12. Ne5 O-O 13. Bf4 Bf5 14. Nd2 Ne4 15. Nxe4 Bxe4 16. Qb3 Qc8 17. f3 Bf5 18. Qxd5 Be6 19. Qa5 b6 20. Qa4 Qxc3 21. Rac1 Qb2 22. Rf2 Qa3 23. Qxa3 Bxa3 24. Rd1 Rfd8 25. Nc6 Rd7 26. Rd3 Bf8 27. Rfd2 Rc8 28. Rc3 Bb4 29. Nxb4 Rxc3 30. d5 Bf5 31. d6 Rc4 32. Nd5 Rxf4 33. Nxf4 Kf8 34. g4 Be6 35. Nh5 Rd8 36. Kf2 f6 37. h3 Kf7 38. Nf4 Bd7 39. Rc2 Rc8 40. Rc7 Rxc7 41. dxc7 Ke7 42. Ke3 Kd6 43. Nh5 Kxc7 44. Nxg7 Kd6 45. Nh5 Ke5 46. f4+ Ke6 47. f5+ Ke5 48. Nf4 a5 49. Nd3+ Kd6 50. Kf4 Bb5 51. Nb2 Bf1 52. g5 fxg5+ 53. Kxg5 Bxh3 54. f6 Kd7 55. Nc4 b5 56. Ne5+ Ke8 57. f7+ Kf8 58. Kf6 b4 59. Nc4 a4 0-1


[Site "https://www.chess.com"]

[Event "Titled Tuesday Blitz April 4 Early 2023"]
[White "Larina, Maria"]
[Black "Zaichenko, Daria"]
[WhiteFideId "24113182"]
[BlackFideId "4197453"]
[WhiteElo "1848"]
[BlackElo "2039"]
[Result "0-1"]
[Round "10"]
[TimeControl "180+2"]
[Date "2023.04.04"]
[WhiteClock "0:00:14"]
[BlackClock "0:01:19"]

1. e4 c5 2. Nc3 Nc6 3. g3 e5 4. Bg2 d6 5. d3 f5 6. f4 Nf6 7. Nf3 Nd4 8. O-O fxe4 9. dxe4 Bg4 10. h3 Nxf3+ 11. Bxf3 Bxh3 12. Rf2 Be6 13. f5 Bf7 14. g4 h6 15. Be3 Be7 16. Qd2 Qd7 17. Rd1 O-O-O 18. a4 a6 19. a5 Kb8 20. Na4 Qxa4 21. b3 Qc6 22. Qd3 d5 23. exd5 Bxd5 24. Qe2 Bxf3 25. Rxd8+ Rxd8 26. Rxf3 Nxg4 27. Bc1 h5 28. Rh3 Qd5 29. Rd3 Qc6 30. Rh3 Qd7 31. Rd3 Qxf5 32. Rxd8+ Bxd8 33. Qd2 Bc7 34. Ba3 e4 35. Qe2 e3 36. Bc1 Qf2+ 37. Qxf2 exf2+ 38. Kf1 Bg3 39. Kg2 h4 40. Bg5 h3+ 41. Kf1 h2 0-1


[Site "https://www.chess.com"]

[Event "Titled Tuesday Blitz April 4 Early 2023"]
[White "Svicevic, Rastko"]
[Black "Simonovic, Miroslav"]
[WhiteFideId "916315"]
[BlackFideId "919152"]
[WhiteElo "2071"]
[BlackElo "2042"]
[Result "0-1"]
[Round "10"]
[TimeControl "180+2"]
[Date "2023.04.04"]
[WhiteClock "0:00:01"]
[BlackClock "0:00:43"]

1. e4 c5 2. Nc3 Nc6 3. Bb5 g6 4. h3 Bg7 5. Nf3 Nd4 6. O-O a6 7. Bc4 Nxf3+ 8. Qxf3 e6 9. Re1 Ne7 10. a4 O-O 11. a5 b5 12. axb6 Qxb6 13. d3 h6 14. Na4 Qc7 15. Bf4 d6 16. c3 Bb7 17. Qg3 Rad8 18. Rad1 Qc6 19. Bb3 d5 20. exd5 Nxd5 21. Be5 Bxe5 22. Rxe5 Kg7 23. c4 Nf4 24. Nxc5 Qxg2+ 25. Qxg2 Bxg2 26. Ne4 g5 27. Ra5 Bxe4 28. dxe4 Rxd1+ 29. Bxd1 Nxh3+ 30. Kh2 Nxf2 31. Bc2 Rd8 32. Rxa6 Rd2 33. Ba4 Rxb2 34. c5 Nxe4+ 35. Kg1 Nxc5 0-1


[Site "https://www.chess.com"]

[Event "Titled Tuesday Blitz April 4 Early 2023"]
[White "Floresvillar Gonzalez, Luis Migu"]
[Black "dDobravcan"]
[WhiteFideId "5100542"]
[WhiteElo "2040"]
[BlackElo "2146"]
[Result "0-1"]
[Round "10"]
[TimeControl "180+2"]
[Date "2023.04.04"]
[WhiteClock "0:00:01"]
[BlackClock "0:00:38"]

1. e4 d6 2. d4 Nf6 3. Nc3 c6 4. Bg5 Qb6 5. Rb1 Nbd7 6. Nf3 h6 7. Be3 Ng4 8. Bd2 e5 9. Na4 Qc7 10. h3 Ngf6 11. Nc3 b5 12. a3 Be7 13. Bd3 O-O 14. O-O a6 15. Re1 Re8 16. Ne2 Bf8 17. c3 g6 18. Ng3 Bg7 19. Qc1 Kh7 20. Re2 c5 21. d5 c4 22. Bc2 Nc5 23. Ne1 Bd7 24. Be3 Re7 25. f3 Rf8 26. Qd2 Ng8 27. Nf1 Kh8 28. g4 f5 29. gxf5 gxf5 30. Kh2 f4 31. Bf2 Nf6 32. Bh4 Qc8 33. Bxf6 Bxf6 34. Rg2 Bxh3 35. Rg1 Rg8 36. Qf2 Rxg1 37. Qxg1 Rg7 38. Qf2 Bd7 39. Nd2 Qg8 40. Ng2 h5 41. Rh1 Rg3 42. Kg1 Qg5 43. Kf1 Bh3 44. Rg1 h4 0-1


[Site "https://www.chess.com"]

[Event "Titled Tuesday Blitz April 4 Early 2023"]
[White "rionelG"]
[Black "Hartikainen, Jarmo"]
[BlackFideId "503134"]
[WhiteElo "2184"]
[BlackElo "2074"]
[Result "1-0"]
[Round "10"]
[TimeControl "180+2"]
[Date "2023.04.04"]
[WhiteClock "0:01:11"]
[BlackClock "0:00:10"]

1. e4 c5 2. g3 g6 3. Bg2 Bg7 4. Ne2 Nc6 5. c3 e5 6. d3 Nge7 7. Be3 b6 8. d4 cxd4 9. cxd4 exd4 10. Nxd4 O-O 11. Nc3 Ba6 12. Qa4 Qc8 13. Rc1 Nxd4 14. Bxd4 b5 15. Qd1 d5 16. Nxd5 Qd7 17. Nxe7+ Qxe7 18. Bc5 Qe6 19. Bxf8 Rxf8 20. O-O Qxa2 21. Ra1 Qe6 22. Qd5 Qxd5 23. exd5 Bb7 24. Rxa7 Ba8 25. Rfa1 1-0


[Site "https://www.chess.com"]

[Event "Titled Tuesday Blitz April 4 Early 2023"]
[White "Tuleyeva-Aketayeva, Dana"]
[Black "Lohani, Sujana"]
[WhiteFideId "13701932"]
[BlackFideId "12311987"]
[WhiteElo "2030"]
[BlackElo "1718"]
[Result "0-1"]
[Round "10"]
[TimeControl "180+2"]
[Date "2023.04.04"]
[WhiteClock "0:00:01"]
[BlackClock "0:00:21"]

1. d4 g6 2. Nf3 Bg7 3. g3 d6 4. Bg2 c6 5. O-O Nf6 6. c4 O-O 7. Nc3 Nbd7 8. e4 e5 9. dxe5 dxe5 10. Bg5 Qb6 11. Qc2 Re8 12. Rad1 Nc5 13. Be3 Qa5 14. a3 Ne6 15. Rd2 Ng4 16. Rfd1 Nxe3 17. fxe3 Qb6 18. Rd3 Nc5 19. Rd6 Be6 20. b4 Na6 21. c5 Nxc5 22. bxc5 Qxc5 23. Kh1 Qxe3 24. Qd3 Qc5 25. a4 Bf8 26. h4 Bxd6 27. Qxd6 Qxd6 28. Rxd6 Rad8 29. Rxd8 Rxd8 30. Nxe5 Rd2 31. Bf1 Rc2 32. Ne2 Rc5 33. Nd3 Rc4 34. Bg2 Rxa4 35. Nc5 Ra1+ 36. Kh2 Bc8 37. Nd4 Rc1 38. Ncb3 Rc4 39. e5 Rb4 0-1


[Site "https://www.chess.com"]

[Event "Titled Tuesday Blitz April 4 Early 2023"]
[White "Reefat, Bin-Sattar"]
[Black "Ward, Ieuan C"]
[WhiteFideId "10200207"]
[BlackFideId "406627"]
[WhiteElo "2462"]
[BlackElo "2271"]
[Result "1-0"]
[Round "10"]
[TimeControl "180+2"]
[Date "2023.04.04"]
[WhiteClock "0:01:14"]
[BlackClock "0:01:03"]

1. e4 c5 2. b3 Nf6 3. e5 Nd5 4. Bb2 Nc6 5. Nf3 e6 6. Bb5 Qc7 7. O-O b6 8. Bc4 Nde7 9. Nc3 a6 10. Ne4 Ng6 11. Re1 Ngxe5 12. Nxe5 Nxe5 13. Qh5 Ng6 14. Ng5 Bb7 15. Re3 b5 16. Bd3 c4 17. bxc4 bxc4 18. Bxg6 fxg6 19. Qh3 O-O-O 20. Rb1 Bc5 21. d4 cxd3 22. Rxd3 h6 23. Nf7 Rhf8 24. Be5 Qc6 25. Nd6+ Bxd6 26. Bxd6 Rf5 27. Rc3 1-0


[Site "https://www.chess.com"]

[Event "Titled Tuesday Blitz April 4 Early 2023"]
[White "Lwanga, Aguda"]
[Black "Brahami, Lamine"]
[WhiteFideId "10801529"]
[BlackFideId "7905637"]
[WhiteElo "1475"]
[BlackElo "2088"]
[Result "0-1"]
[Round "10"]
[TimeControl "180+2"]
[Date "2023.04.04"]
[WhiteClock "0:00:09"]
[BlackClock "0:01:56"]

1. e4 c5 2. Nf3 d6 3. d4 cxd4 4. Nxd4 Nf6 5. Nc3 a6 6. f3 e5 7. Nb3 Be6 8. Be3 Be7 9. Qd2 Nbd7 10. O-O-O b5 11. Kb1 O-O 12. g4 Nb6 13. h4 Nc4 14. Bxc4 bxc4 15. Nc1 Rb8 16. h5 Nd7 17. g5 Qc7 18. g6 Qb7 19. b3 Rfc8 20. h6 fxg6 21. hxg7 cxb3 22. cxb3 Nf6 23. Rh2 Qb4 24. N3e2 Qxd2 25. Bxd2 d5 26. exd5 Bxd5 27. f4 Be4+ 28. Kb2 Rc2+ 29. Ka1 Rd8 30. Ng3 exf4 31. Nxe4 Nxe4 32. Rdh1 Bf6+ 33. Kb1 Rb2+ 34. Ka1 Rxb3+ 0-1


[Site "https://www.chess.com"]